 Dungeon Crawl Stone Soup version 0.30.1-3-gfc49f6343a (webtiles) character file.

Game seed: 6972911786745454994

158 LynnLen the Sneak (level 5, 0/24 HPs)
             Began as a Spriggan Enchanter on July 22, 2023.
             Slain by a worm (4 damage)
             ... on level 2 of the Dungeon on July 23, 2023.
             The game lasted 00:06:04 (1674 turns).

LynnLen the Sneak (Spriggan Enchanter)              Turns: 1674, Time: 00:06:05

Health: 0/24       AC:  2    Str:  4    XL:     5   Next: 16%
Magic:  11/11      EV: 17    Int: 18    God:
Gold:   85         SH:  0    Dex: 16    Spells: 3/11 levels left

rFire   . . .        a - +1 dagger
rCold   . . .        (no shield)
rNeg    . . .        b - +0 robe
rPois   .            (helmet restricted)
rElec   .            (no cloak)
rCorr   .            (gloves unavailable)
SInv    +            (boots unavailable)
Will    .....        (no amulet)
Stlth   +++          (no ring)
HPRegen 0.24/turn    (no ring)
MPRegen 0.12/turn

%: no passive effects
@: very quick
A: very small, no large weapons, unfitting armour, see invisible, speed 3
a: no special abilities


You were on level 2 of the Dungeon.
You visited 1 branch of the dungeon, and saw 3 of its levels.

You collected 85 gold pieces.

Inventory:

Hand Weapons
 a - a +1 dagger (weapon)
Missiles
 j - 6 poisoned darts
Armour
 b - a +0 robe (worn)
Jewellery
 f - a ring of positive energy
Scrolls
 h - a scroll of enchant weapon {unknown}
 i - a scroll of silence {unknown}
 k - a scroll of teleportation {unknown}
Potions
 c - 4 potions of invisibility
 d - a potion of magic {unknown}
 e - a potion of haste {unknown}
 g - 2 potions of attraction {unknown}


   Skills:
 + Level 2.4 Short Blades
 - Level 2.6 Dodging
 * Level 6.5 Stealth
 + Level 3.6 Spellcasting
 + Level 4.3 Hexes
 + Level 1.1 Ice Magic


You had 3 spell levels left.
You knew the following spells:

 Your Spells              Type           Power      Damage    Failure   Level
a - Ensorcelled Hibernat  Hex/Ice        26%        N/A       8%          2
b - Confusing Touch       Hex            19%        N/A       8%          3
c - Tukima's Dance        Hex            19%        N/A       8%          3

Your spell library contained the following spells:

 Spells                   Type           Power      Damage    Failure   Level
 Beastly Appendage        Tmut           6%         N/A       16%         1
 Dazzling Flash           Conj/Hex       22%        N/A       19%         3
 Wereblood                Tmut           3%         N/A       22%         2
 Spider Form              Tmut/Pois      3%         N/A       41%         3


Dungeon Overview and Level Annotations

Branches:
Dungeon (3/15)

Altars:


Innate Abilities, Weirdness & Mutations

You are very small and have problems with some larger weapons.
You are too small for most types of armour.
You have supernaturally acute eyesight. (SInv)
You cover ground extremely quickly. (Speed+++)


Message History

You hit the worm.
The worm is lightly wounded.
You hit the worm.
The worm is moderately wounded.
The worm bites you.
You hit the worm but do no damage.
The worm is moderately wounded.
You hit the worm.
The worm is moderately wounded.
The worm bites you.
You hit the worm.
The worm is heavily wounded.
You hit the worm.
The worm is almost dead.
The worm closely misses you.
You hit the worm.
The worm is almost dead.
You barely miss the worm.
The worm is almost dead.
The worm barely misses you.
You hit the worm.
The worm is almost dead.
The worm bites you.
You hit the worm.
The worm is almost dead.
You hit the worm.
The worm is almost dead.
The worm closely misses you.
You hit the worm but do no damage.
The worm is almost dead.
You barely miss the worm.
The worm is almost dead.
The worm bites you!
* * * LOW HITPOINT WARNING * * *
You completely miss the worm.
The worm is almost dead.
You hit the worm.
The worm is almost dead.
The worm bites you.
You die...

##############....
##..............##.
###..#############...
###...###### ######
#.>........# #....#
#########.># #....#
####.## ##..## #w...#
####..). #@####
#..#..#. #.# #.##..##
#.## ##.#....# #..##
#..#....# ##..##
#.##'#### ##..##
#.#....))
##..####.#......
##......#####..
###...## ####


You could see a worm.

Vanquished Creatures
  Jessica (D:2)
  Terence (D:2)
  7 adders (D:2)
  2 worms (D:2)
  5 endoplasms
  2 goblins (D:2)
  2 hobgoblins
  8 jackals
  3 kobolds (D:2)
  4 ball pythons
  A bat (D:2)
  3 frilled lizards (D:2)
  5 rats
44 creatures vanquished.

Notes
Turn   | Place    | Note
-------+----------+-------------------------------------------
     0 | D:1      | LynnLen the Spriggan Enchanter began the quest for the Orb.
     0 | D:1      | Reached XP level 1. HP: 9/9 MP: 5/5
   398 | D:1      | Reached XP level 2. HP: 13/13 MP: 6/6
   514 | D:1      | Learned a level 2 spell: Ensorcelled Hibernation
   598 | D:2      | Reached skill level 5 in Stealth
   669 | D:2      | Reached XP level 3. HP: 16/16 MP: 8/8
   673 | D:2      | Learned a level 3 spell: Confusing Touch
   677 | D:2      | Learned a level 3 spell: Tukima's Dance
   681 | D:2      | Noticed Terence
   750 | D:2      | Noticed Jessica
   751 | D:2      | Killed Jessica
   811 | D:2      | Reached XP level 4. HP: 21/21 MP: 9/9
  1082 | D:2      | Reached skill level 6 in Stealth
  1315 | D:2      | Reached skill level 1 in Ice Magic
  1470 | D:2      | Killed Terence
  1471 | D:2      | Reached XP level 5. HP: 24/24 MP: 8/11
  1674 | D:2      | Slain by a worm

Illustrated notes

Levels and vault maps discovered:
D:1:      reono_arrival_mine, layout_rooms
D:2:      minmay_chambers_of_twos, layout_rooms, uniq_terence, uniq_jessica
D:3:      layout_basic, uniq_ijyb, uniq_robin, uniq_sigmund

Skill      XL: |  1  2  3  4 |
---------------+-------------+-----
Stealth        | 5 6 |  6.5
Spellcasting   | 3 |  3.6
Hexes          | 4 |  4.3
Short Blades   | 2 |  2.4
Ice Magic      | 1 |  1.1
Dodging        | |  2.6

Action                     |  1- 3 |  4- 6 || total
---------------------------+-------+-------++-------
  Melee: Dagger            |    67 |    74 ||   141
         Punch             |     1 |     1 ||     2
   Cast: Ensorcelled Hiber |     4 |    15 ||    19
    Use: Scroll            |     2 |       ||     2
   Stab: Sleeping          |    11 |    12 ||    23
         Distracted        |       |     1 ||     1
 Armour: Robe              |     4 |    10 ||    14
  Dodge: Dodged            |    60 |    57 ||   117
